 Dungeon Crawl Stone Soup version 0.21.1-1-g345015f (webtiles) character file.

10 tidbits the Sneak (level 2, 2/20 HPs)
             Began as a Gnoll Enchanter on June 6, 2018.
             Quit the game on level 5 of the Dungeon.
             The game lasted 00:02:10 (201 turns).

tidbits the Sneak (Gnoll Enchanter)                  Turns: 201, Time: 00:02:11

Health: 2/20       AC:  2    Str: 10    XL:     2   Next: 20%
Magic:  6/7        EV: 14    Int: 17    God:
Gold:   52         SH:  0    Dex: 15    Spells: 7/10 levels left

rFire    . . .     SeeInvis .   a - +1 dagger
rCold    . . .     Gourm    .   (no shield)
rNeg     . . .     Faith    .   b - +0 robe
rPois    .         Spirit   .   (no helmet)
rElec    .         Reflect  .   (no cloak)
rCorr    .         Harm     .   (no gloves)
MR       .....                  (no boots)
Stlth    +++.......             (no amulet)
HPRegen  0.06/turn              (no ring)
MPRegen  0.10/turn              (no ring)

@: no status effects
A: distributed training, fangs 1, strong nose
a: no special abilities


You were on level 5 of the Dungeon.
You were not hungry.

You visited 1 branch of the dungeon, and saw 5 of its levels.

You collected 52 gold pieces.

Inventory:

Hand Weapons
 a - a +1 dagger (weapon)
Armour
 b - a +0 robe (worn)
Books
 d - a book of Maledictions

   Spells                             Type                      Level
   a - Corona                         Hexes                        1
   b - Ensorcelled Hibernation        Hexes/Ice                    2
   c - Confuse                        Hexes                        3
   d - Tukima's Dance                 Hexes                        3
   e - Dazzling Spray                 Conjuration/Hexes            3
Comestibles
 c - a ration


   Skills:
 + Level 0.3 Fighting
 + Level 2.4 Short Blades
 + Level 0.3 Long Blades
 + Level 0.3 Axes
 + Level 0.3 Maces & Flails
 + Level 0.3 Polearms
 + Level 0.3 Staves
 + Level 0.3 Slings
 + Level 0.3 Bows
 + Level 0.3 Crossbows
 + Level 0.3 Throwing
 + Level 0.3 Armour
 + Level 4.4 Dodging
 + Level 5.9 Stealth
 + Level 0.3 Shields
 + Level 0.3 Unarmed Combat
 + Level 4.9 Spellcasting
 + Level 0.2 Conjurations
 + Level 5.3 Hexes
 + Level 0.2 Charms
 + Level 0.2 Summonings
 + Level 0.2 Necromancy
 + Level 0.2 Translocations
 + Level 0.2 Transmutations
 + Level 0.2 Fire Magic
 + Level 0.2 Ice Magic
 + Level 0.2 Air Magic
 + Level 0.2 Earth Magic
 + Level 0.2 Poison Magic
 + Level 0.4 Invocations
 + Level 0.3 Evocations


You had 7 spell levels left.
You knew the following spells:

 Your Spells              Type           Power        Failure   Level  Hunger
a - Corona                Hex            ###....      1%          1    None
e - Ensorcelled Hibernat  Hex/Ice        ##....       7%          2    #......


Dungeon Overview and Level Annotations

Branches:
Dungeon (5/15)
 Temple: D:4-7

Altars:

Annotations:
D:3 Theowulf's ghost, amateur OgFE


Innate Abilities, Weirdness & Mutations

Your experience applies equally to all skills.
You have very sharp teeth.
Your uncanny sense of smell can sniff out nearby items.


Message History

You feel your anger nearly subside.
You feel sick.
You swing at nothing.
You are no longer berserk.
You pass out from exhaustion.
You feel yourself slow down.
You feel sick.
You can move again.
Unknown command.
You swing at nothing.
You feel sick.
You swing at nothing.
You swing at nothing.
You feel sick.
You swing at nothing.
You feel sick.
You swing at nothing.
You swing at nothing.
You feel sick.
You swing at nothing.
You feel sick.
Adjust (i)tems, (s)pells, or (a)bilities?
Adjust which item? (? for menu, Esc to quit)
d - a ration (in branch) Adjust to which letter? (? for menu, Esc to quit)
c - a ration (in branch);
d - a book of Maledictions You swing at nothing.
You swing at nothing.
You feel sick.
You are no longer poisoned.
You swing at nothing.
You swing at nothing.
You swing at nothing.
Your transformation is almost over.
You swing at nothing.
You swing at nothing.
You swing at nothing.
You swing at nothing.
You feel less wooden.
Your +0 robe unmelds from your body.
You feel yourself speed up.
Wield which item (- for none, * to show all)? (? for menu, Esc to quit)
a - a +1 dagger (weapon)
Found an escape hatch in the ceiling.
There is a stone staircase leading down here.
You climb downwards.
An orc, an orc priest and a skeleton come into view.
Found a knobbly diamond ring and 20 stones.
Found a stone staircase leading up and a stone staircase leading down.
There is a stone staircase leading up here.
The orc shouts!
You hear a shout!
The orc throws a tomahawk.
The tomahawk closely misses you.
You recover from your berserk rage.
There is a stone staircase leading up here.
Unknown command.
You climb upwards.
Level annotation: Theowulf's ghost, amateur OgFE A hobgoblin comes into view.
It is wielding a mace.
Found four items.
There is a stone staircase leading down here.
You climb downwards.
An orc comes into view. It is wielding a dagger.
The orc shouts!
The orc barely misses you.
There is a stone staircase leading up here.
The orc hits you with a flail.
* * * LOW HITPOINT WARNING * * *
The orc throws a tomahawk.
The tomahawk closely misses you.
There is a stone staircase leading down here.
You see here a tomahawk.
You climb downwards.
There is a stone staircase leading up here.
Unknown command.
You open the door.
Found 12 gold pieces.
Unknown command.
There is an open door here.
Found a scale mail.
A frilled lizard comes into view.
The frilled lizard hisses angrily.
You see here 12 gold pieces.
You now have 52 gold pieces (gained 12).
Casting: Corona
Confirm with . or Enter, or press ? or * to list all spells.
Aiming: Ensorcelled Hibernation
Press: ? - help, Shift-Dir - straight line, f - frilled lizard
Aim: a frilled lizard (chance to defeat MR: 62%)
The frilled lizard looks drowsy...
The helpless frilled lizard fails to defend itself.
You impale the frilled lizard!!
You kill the frilled lizard!
A bullfrog zombie comes into view.
Casting: Ensorcelled Hibernation
Confirm with . or Enter, or press ? or * to list all spells.
You don't know that spell.
You aren't carrying any potions.
Unknown command.
As you read the scroll labeled FEASKUCEVYKLOT, it crumbles to dust.
You feel blessed for a moment.
It was a scroll of remove curse.
The bullfrog zombie barely misses you.
As you read the scroll labeled LAEGUSSESHI, it crumbles to dust.
It is a scroll of identify.
You don't have any unidentified items.
The bullfrog zombie hits you.
* * * LOW HITPOINT WARNING * * *
Are you sure you want to abandon this character and quit the game? (Confirm with "yes".)

#.............#
#.............#
#....†........#
#.............###
#.............'..
#.............###
##### #.............#
......##.............#
......Z@.............#
.......####[.........#
######. ..............
#+ ######...#####.#
.....# .# ##....# #
#....


You could see a bullfrog zombie.

Vanquished Creatures
  An adder (D:3)
  2 frilled lizards
3 creatures vanquished.

Notes
Turn   | Place    | Note
-------+----------+-------------------------------------------
     0 | D:1      | tidbits the Gnoll Enchanter began the quest for the Orb.
     0 | D:1      | Reached XP level 1. HP: 13/13 MP: 6/6
    66 | D:3      | Reached XP level 2. HP: 16/20 MP: 4/7
    70 | D:3      | Learned a level 2 spell: Ensorcelled Hibernation
   101 | D:3      | Noticed Theowulf's ghost (amateur OgFE)
   152 | D:5      | Entered Level 5 of the Dungeon
   200 | D:5      | HP: 2/20 [bullfrog zombie (5)]
   201 | D:5      | Quit the game

Action                   || total
-------------------------++-------
Melee: Dagger            ||     7
 Cast: Corona            ||     2
       Ensorcelled Hiber ||     1
  Use: Scroll            ||     3
       Potion            ||     2
 Stab: Sleeping          ||     2
Dodge: Dodged            ||     9

Table legend:
 A = Turns spent in this place as a percentage of turns spent in the entire game.
 B = Non-inter-level travel turns spent in this place as a percentage of non-inter-level travel turns spent in the entire game.
 C = Inter-level travel turns spent in this place as a percentage of turns spent in this place.
 D = Turns resting spent in this place as a percentage of non-inter-level travel turns spent in this place.
 E = Turns spent auto-exploring this place as a percentage of non-inter-level travel turns spent in this place.
 F = Non-inter-level travel turns spent in this place divided by the number of levels of this place that you've seen.
                   A       B       C       D       E      F
               +-------+-------+-------+-------+-------+----------------------
         Total | 100.0 | 100.0 |   0.0 |   0.0 |   0.0 |  40.2
       Dungeon | 100.0 | 100.0 |   0.0 |   0.0 |   0.0 |  40.2
               +-------+-------+-------+-------+-------+----------------------

Table legend:
 A = Kills in this place as a percentage of kills in entire the game.
 B = Kills by you in this place as a percentage of kills by you in the entire game.
 C = Kills by friends in this place as a percentage of kills by friends in the entire game.
 D = Other kills in this place as a percentage of other kills in the entire game.
 E = Experience gained in this place as a percentage of experience gained in the entire game.
 F = Experience gained in this place divided by the number of levels of this place that you have seen.
                   A       B       C       D       E      F
               +-------+-------+-------+-------+-------+----------------------
         Total | 100.0 | 100.0 |   N/A |   N/A | 100.0 |   3.0
       Dungeon | 100.0 | 100.0 |   N/A |   N/A | 100.0 |   3.0
               +-------+-------+-------+-------+-------+----------------------

Vault maps used:
D:1:      tarquinn_simple_flora_water_b
D:2:      marbit_many_paths, overflow_temple_1_default, lemuel_crystal_altar,
          minmay_split_cup_large
D:3:      first_ration
D:4:      wad_crossroads, uniq_blork_the_orc, uniq_pikel
D:5:      old_forge, minmay_hollow_rounded_squares
